 Dungeon Crawl Stone Soup version 0.32-a0-675-gdc239d62e1 (webtiles) character file.

Game seed: 2564698380800428051

65 javelincjr the Grasshopper (level 3, 0/28 HPs)
             Began as a Demonspawn Warper on Mar 11, 2024.
             Slain by an adder (1 damage)
             ... on level 2 of the Dungeon.
             The game lasted 00:03:19 (1441 turns).

javelincjr the Grasshopper (Demonspawn Warper)      Turns: 1441, Time: 00:03:19

Health: 0/28       AC:  3    Str: 13    XL:     3   Next: 92%
Magic:  6/6        EV: 11    Int: 13    God:
Gold:   85         SH:  3    Dex: 12    Spells: 6/6 levels left

rFire   . . .        a - +0 spear
rCold   . . .        j - +0 buckler of Classification {Harm rCorr SInv}
rNeg    . . .        b - +0 leather armour
rPois   .            (no helmet)
rElec   .            (no cloak)
rCorr   +            (no gloves)
SInv    +            (no boots)
Will    .....        (no amulet)
Stlth   +            h - ring of flight
HPRegen 0.24/turn    (no ring)
MPRegen 0.10/turn

%: harm (+30% outgoing, +20% incoming)
@: lethally poisoned (0 -> -15), flying
A: demonic touch 1
a: no special abilities


You were on level 2 of the Dungeon.
You visited 1 branch of the dungeon, and saw 2 of its levels.

You collected 85 gold pieces.

Inventory:

Hand Weapons
 a - a +0 spear (weapon)
 e - a +0 sling
Missiles
 d - 7 darts of dispersal (quivered)
 l - 2 poisoned darts
Armour
 b - a +0 leather armour (worn)
 j - the +0 buckler of Classification (worn) {Harm rCorr SInv}
   (You found it on level 2 of the Dungeon)

   SInv:      It lets you see invisible.
   rCorr:     It protects you from acid and corrosion.
   Harm:      It increases damage dealt and taken.
 m - a +0 ring mail
Jewellery
 h - a ring of flight (left hand)
Scrolls
 c - 2 scrolls of blinking
 k - a scroll of identify {unknown}
 o - a scroll of teleportation {unknown}
 p - a scroll of torment {unknown}
 r - a scroll of vulnerability {unknown}
Potions
 f - a potion of degeneration {unknown}
 g - a potion of mutation {unknown}
 i - a potion of might {unknown}
 n - 2 potions of berserk rage {unknown}
 q - 2 potions of lignification {unknown}
 s - a potion of curing {unknown}
 t - a potion of attraction {unknown}


   Skills:
 * Level 2.6 Fighting
 + Level 2.2 Polearms
 - Level 0.8 Throwing
 + Level 1.5 Armour
 + Level 2.1 Dodging
 + Level 2.2 Spellcasting
 + Level 3.1 Translocations


You had 6 spell levels left.
You didn't know any spells.
Your spell library contained the following spells:

 Spells                   Type           Power      Damage    Failure   Level
 Blink                    Tloc           18%        N/A       19%         2
 Lesser Beckoning         Tloc           18%        N/A       19%         2
 Teleport Other           Tloc           9%         N/A       36%         3
 Necrotise                Necr           4%         1d4       41%         1
 Cigotuvi's Dreadful Rot  Necr/Alch/Air  2%         N/A       56%         2
 Manifold Assault         Tloc           9%         N/A       77%         4
 Tukima's Dance           Hex            1%         N/A       80%         3
 Dimensional Bullseye     Hex/Tloc       2%         N/A       93%         4
 Iskenderun's Mystic Bla  Conj/Tloc      5%         2d3       93%         4
 Vhi's Electric Charge    Tloc/Air       10%        N/A       93%         4
 Curse of Agony           Necr           1%         N/A       100%        5
 Death Channel            Necr           0%         N/A       100%        6


Dungeon Overview and Level Annotations

Branches:
Dungeon (2/15)

Altars:

Shops:
D:2 [


Innate Abilities, Weirdness & Mutations

Your touch may inflict minor irresistible damage on your foes.


Message History

You hit the adder.
The adder is heavily wounded.
You feel sick. The adder barely misses you.
The adder bites you but does no damage. You block the kobold's attack.
You barely miss the adder.
The adder is heavily wounded.
You feel sick. The adder bites you.
You are more poisoned.
The adder poisons you! The adder barely misses you.
The kobold hits you but does no damage. You block the adder's attack.
You hit the adder.
The adder is severely wounded.
You feel sick. The adder bites you.
You are more poisoned.
The adder poisons you! The adder bites you. The kobold barely misses you.
The adder barely misses you.
You are too injured to fight recklessly!
You are too injured to fight recklessly!
You are too injured to fight recklessly!
You closely miss the adder.
The adder is severely wounded.
You feel very sick. The adder bites you.
* * * LOW HITPOINT WARNING * * *
You are more poisoned.
The adder poisons you! The adder bites you.
* * * LOW HITPOINT WARNING * * *
The kobold hits you but does no damage.
You barely miss the adder.
The adder is severely wounded.
* * * LOW HITPOINT WARNING * * *
You feel very sick. The adder barely misses you. The adder bites you.
* * * LOW HITPOINT WARNING * * *
You are more poisoned.
The adder poisons you!
The kobold hits you with a +0 short sword.
* * * LOW HITPOINT WARNING * * *
The adder bites you.
You die...

#..# #.......## ##..... ##.##
##..###..###### #..### ###..##
##.# ##......###<.##. ......# ###
#.#########.##...##. ......# ##.#
#....#...##..#..###.
......###..###...................
...........##...........##.##..##
####...##.###..................##
.###......###..$@.......####.#..#
.....†.........KSS.....# #..#.#
)..###.#).............## ##.#..
.#.# #.####......#.###.. #.#..
#.###.# #..###....# .. #....
#....[# ..## ##.... ###∩. #..<.##
.# #..... #.) #.##....... ?......
#.. #.# ##..### ###


You could see 2 adders and a kobold.

Vanquished Creatures
  2 adders (D:2)
  A dart slug (D:1)
  6 ball pythons
  2 endoplasms (D:1)
  4 goblins
  2 hobgoblins
  2 jackals (D:2)
  6 quokkas
  4 bats (D:1)
  A frilled lizard (D:1)
  8 kobolds
  3 rats
41 creatures vanquished.

Notes
Turn   | Place    | Note
-------+----------+-------------------------------------------
     0 | D:1      | javelincjr the Demonspawn Warper began the quest for the
                  | Orb.
     0 | D:1      | Reached XP level 1. HP: 16/16 MP: 3/3
    34 | D:1      | Got the Almanac of Resurrection
    61 | D:1      | Reached skill level 1 in Armour
   361 | D:1      | Gained mutation: Your touch may inflict minor irresistible
                  | damage on your foes. [demonic ancestry]
   361 | D:1      | Reached XP level 2. HP: 20/22 MP: 5/5
   862 | D:1      | Reached XP level 3. HP: 25/28 MP: 6/6
   955 | D:2      | Identified the +0 buckler of Classification {Harm rCorr
                  | SInv}
  1046 | D:2      | Reached skill level 3 in Translocations
  1221 | D:2      | Found Qopnosyi's Antique Armour Shoppe.
  1441 | D:2      | HP: 1/28 [kobold/+0 short sword (1)]
  1441 | D:2      | Slain by an adder

Illustrated notes

Levels and vault maps discovered:
D:1:      saegor_arrival_simple_d, layout_loops_corners
D:2:      layout_rooms, basic_altar, serial_shops, shop,
          hangedman_decor_diamond_cutter

Skill      XL: |  1  2  3 |
---------------+----------+-----
Armour         | 1 |  1.5
Polearms       | 2 |  2.2
Dodging        | 2 |  2.1
Translocations | 3 |  3.1
Fighting       | |  2.6
Throwing       | |  0.8
Spellcasting   | |  2.2

Action                     || total
---------------------------++-------
  Melee: Spear             ||   144
         Touch             ||     7
   Stab: Sleeping          ||     2
 Armour: Leather armour    ||    93
  Dodge: Dodged            ||    73
  Block: Buckler           ||    14

Table legend: (Time is in decaauts)
 A = Elapsed time spent in this place.
 B = Non-inter-level travel time spent in this place.
 C = Inter-level travel time spent in this place.
 D = Time resting spent in this place.
 E = Time spent auto-exploring this place.
 F = Levels seen in this place.
 G = Mean time per level.
                   A        B        C        D        E       F      G
               +--------+--------+--------+--------+--------+-----+--------+
         Total |   1444 |   1419 |     25 |      0 |   1147 |   2 |  722.0 |
       Dungeon |   1444 |   1419 |     25 |      0 |   1147 |   2 |  722.0 |
               +--------+--------+--------+--------+--------+-----+--------+

Top non-repeatable levels by time:
     D:1: 952 daAuts
     D:2: 492 daAuts
